 Dungeon Crawl Stone Soup version 0.25.1-2-g60ff931df9 (webtiles) character file.

Game seed: 10666119315742779902

67 holesumchungus100 the Skirmisher (level 4, 0/38 HPs)
             Began as a Human Monk on Sept 16, 2020.
             Was a Believer of Yredelemnul.
             Splashed by a jelly's acid (9 damage)
             ... on level 3 of the Dungeon.
             The game lasted 00:15:36 (2361 turns).

holesumchungus100 the Skirmisher (Human Monk)       Turns: 2361, Time: 00:15:39

Health: 0/38       AC: -2    Str: 12      XL:     4   Next: 40%
Magic:  4/4        EV:  6    Int:  9 (11) God:    Yredelemnul [**....]
Gold:   87         SH:  0    Dex: 15      Spells: 3/3 levels left

rFire    . . .     SeeInvis .   a - +0 spear
rCold    . . .     Gourm    .   (no shield)
rNeg     . . .     Faith    .   r - +0 chain mail {Chungusite Armor}
rPois    .         Spirit   .   (no helmet)
rElec    .         Reflect  .   (no cloak)
rCorr    .         Harm     .   o - +0 pair of gloves
MR       .....                  (no boots)
Stlth    ..........             (no amulet)
HPRegen  0.12/turn              (no ring)
MPRegen  0.09/turn              (no ring)

@: corroded
A: no striking features
a: Animate Remains, Recall Undead Slaves, Injury Mirror, Renounce Religion


You were on level 3 of the Dungeon.
You worshipped Yredelemnul.
Yredelemnul was pleased with you.
You were not hungry.

You visited 1 branch of the dungeon, and saw 3 of its levels.

You collected 87 gold pieces.

Inventory:

Hand Weapons
 a - a +0 spear (weapon)
 m - a +2 vampiric dagger
Missiles
 d - 20 poisoned darts
 q - 8 silver boomerangs (quivered)
Armour
 b - a +0 robe
 e - a +0 ring mail
 i - a +0 leather armour
 o - a +0 pair of gloves (worn)
 r - a +0 chain mail (worn) {Chungusite Armor}
Scrolls
 f - a scroll of identify
Potions
 g - 2 potions of haste
 h - a potion of cancellation {unknown}
 j - 3 potions of lignification
 k - a potion of brilliance {unknown}
 n - a potion of berserk rage {unknown}
 p - a potion of curing {unknown}
 t - a potion of might {unknown}
Comestibles
 c - 2 rations


   Skills:
 - Level 4.7 Fighting
 - Level 3.0 Polearms
 * Level 1.1 Armour
 - Level 3.0 Dodging
 - Level 2.0 Stealth


You had 3 spell levels left.
You didn't know any spells.
Your spell library was empty.

Dungeon Overview and Level Annotations

Branches:
Dungeon (3/15)

Altars:
Yredelemnul


Message History

You hit the jelly.
Your hands burn!
The jelly is moderately wounded.
The jelly hits you but does no damage.
You hit the jelly. The acid corrodes you!
Your hands burn!
The jelly is moderately wounded.
The jelly hits you. The acid corrodes you!
You are splashed with acid!
You hit the jelly but do no damage. The acid corrodes you!
Your hands burn!
The jelly is moderately wounded.
The jelly hits you. The acid corrodes you!
You are splashed with acid!
* * * LOW HITPOINT WARNING * * *
Throwing (i - inventory. (/) - cycle)
q - 8 silver boomerangs (quivered)
Press: ? - help, Shift-Dir - straight line, f - jelly
Aim: a jelly (moderately wounded)
You throw a silver boomerang. The silver boomerang hits the jelly.
The jelly is almost dead.
The jelly hits you.
* * * LOW HITPOINT WARNING * * *
The acid corrodes you!
You are splashed with acid!
You die...
Your body rises from the dead as a mindless zombie.

# .##### ......
####..... ..>...
#.######..######
#....@J..%..?...
########..######
...# ###r# ..
... .... ....#


You could see a jelly.

Vanquished Creatures
  2 adders
  A dart slug (D:1)
  3 leopard geckos
  2 giant cockroaches
  A goblin (D:2)
  6 hobgoblins
  4 jackals (D:2)
  7 kobolds
  5 bats
  4 frilled lizards
  9 rats
44 creatures vanquished.

Notes
Turn   | Place    | Note
-------+----------+-------------------------------------------
     0 | D:1      | holesumchungus100 the Human Monk began the quest for the
                  | Orb.
     0 | D:1      | Reached XP level 1. HP: 18/18 MP: 1/1
   345 | D:1      | Reached XP level 2. HP: 22/24 MP: 2/2
   986 | D:1      | Reached skill level 4 in Fighting
   986 | D:1      | Reached XP level 3. HP: 30/30 MP: 3/3
  1705 | D:2      | Reached XP level 4. HP: 38/38 MP: 4/4
  1988 | D:2      | Found a basalt altar of Yredelemnul.
  2018 | D:2      | Became a worshipper of Yredelemnul the Dark
  2018 | D:2      | Reached * piety under Yredelemnul
  2018 | D:2      | Reached ** piety under Yredelemnul
  2355 | D:3      | Reached skill level 1 in Armour
  2361 | D:3      | Splashed by a jelly's acid

Illustrated notes

Levels and vault maps discovered:
D:1:      ncdulo_halloftheorcs, layout_basic, minmay_misc_feat_alley,
          chequers_mini_garden, moated_statue, corexii_item_surrounded_by_moat
D:2:      layout_rooms, lemuel_crystal_altar
D:3:      layout_basic, first_ration, minmay_between

Skill      XL: |  1  2  3  4 |
---------------+-------------+-----
Fighting       | 4 |  4.7
Armour         | 1 |  1.1
Polearms       | |  3.0
Dodging        | |  3.0
Stealth        | |  2.0

Action                   |  1- 3 |  4- 6 || total
-------------------------+-------+-------++-------
Melee: Spear             |   122 |    36 ||   158
Throw: Dart              |    13 |     3 ||    16
       Boomerang         |       |     2 ||     2
  Use: Potion            |     1 |       ||     1
       Scroll            |     2 |     4 ||     6
 Stab: Sleeping          |     3 |       ||     3
  Eat: Chunk             |     3 |     2 ||     5
Armor: Robe              |    15 |       ||    15
       Ring mail         |    47 |     4 ||    51
       Chain mail        |       |    14 ||    14
Dodge: Dodged            |   102 |    19 ||   121
